Map: Ciudad Esmeralda EE

Players

MrFercho

  • Race: Zerg Zerg
  • League: Silver
  • Spawn Location: 5:00

TATORREA

  • Race: Protoss Protoss
  • League: Silver
  • Spawn Location: 5:00

gab - Winner!

  • Race: Terran Terran
  • Spawn Location: 11:00

KILLERZ - Winner!

  • Race: Protoss Protoss
  • Spawn Location: 11:00

VOD

Have the link to the VOD?

Description

Time

  • Played on: May 28, 2020, 8:13 p.m.
  • Length: 23:47
Show
View Real Time Build Order
Export as new Build Order

MrFercho Zerg 

Build Orders: Pool First, Swarm Host 

Get SALT Encoding   

  12  0:02  Drone  
  13  0:08  Drone  
  14  0:37  Extractor  
  14  0:38  Extractor  
  14  0:41  Drone  
  14  0:42  Drone  
  16  1:19  Spawning Pool  
  16  1:23  Hatchery  
  14  1:27  Hatchery  
  13  1:37  Drone  
  14  1:55  Overlord  
  14  1:56  Overlord x2  
  14  2:13  Extractor  
  14  2:14  Queen  
  15  2:17  Extractor  
  14  2:23  Drone x2  
  16  2:42  Hatchery  
  15  2:48  Drone x2  
  17  3:15  Drone x6  
  23  3:44  Drone  
  23  3:45  Drone x2  
  26  4:02  Extractor, Drone  
  26  4:03  Extractor, Drone x6  
  31  4:14  Drone x2  
  33  4:21  Overlord  
  33  4:23  Overlord  
  33  4:46  Lair  
  33  4:55  Zergling x2  
  33  4:56  Zergling x20  
  33  4:57  Zergling x2  
  45  5:09  Baneling Nest  
  44  5:20  Metabolic Boost  
  44  5:26  Drone x4  
  44  5:27  Drone x4  
  44  5:28  Drone  
  53  5:48  Evolution Chamber  
  52  6:01  Hydralisk Den  
  51  6:10  Infestation Pit  
  50  6:17  Nydus Network  
  49  6:26  Baneling x9  
  49  6:27  Baneling x15  
  37  6:57  Zergling x6  
  37  6:58  Zergling x18  
  49  7:05  Unknown  
  49  7:14  Zerg Missile Weapons Level 1  
  49  7:21  Overseer  
  49  7:25  Hydralisk  
  49  7:26  Hydralisk x7  
  65  7:31  Grooved Spines  
  65  7:36  Centrifical Hooks  
  65  7:49  Queen  
  67  8:00  Baneling  
  67  8:01  Baneling x10  
  67  8:14  Drone x3  
  67  8:15  Extractor  
  67  8:16  Extractor  
  67  8:18  Drone  
  67  8:19  Drone x3  
  72  8:21  Overlord x2  
  72  8:22  Overlord  
  72  8:24  Neural Parasite  
  72  8:43  Muscular Augments  
  72  8:50  Swarm Host x5  
  72  8:51  Swarm Host x2  
  65  9:28  Spine Crawler  
  65  9:30  Spine Crawler  
  63  9:32  Overseer  
  63  9:42  Drone x3  
  66  9:52  Drone  
  67  9:53  Drone x2  
  69  10:29  Pneumatized Carapace  
  69  10:32  Hive  
  69  10:36  Zerg Missile Weapons Level 2  
  69  10:42  Evolution Chamber  
  69  10:49  Hydralisk x9  
  70  10:50  Hydralisk x5  
  96  11:29  Nydus Canal  
  75  12:23  Hydralisk x9  
  75  12:24  Hydralisk  
  95  12:50  Overlord x5  
  95  12:51  Overlord x3  
  95  12:52  Overlord x2  
  95  13:08  Queen  
  97  13:22  Ultralisk Cavern  
  96  13:31  Lurker Den  
  95  13:44  Zerg Missile Weapons Level 3, Zerg Ground Armor Level 1  
  95  13:56  Viper x2  
  95  14:00  Drone  
  102  14:04  Zergling x10  
  102  14:05  Zergling x8  
  60  15:08  Hydralisk  
  60  15:09  Hydralisk x8  
  78  16:06  Hatchery  
  78  16:08  Ultralisk  
  78  16:09  Ultralisk  
  89  16:12  Hatchery  
  88  16:28  Zerg Ground Armor Level 2  
  88  16:30  Pathogen Glands  
  88  16:33  Infestor x2  
  92  16:40  Overseer x2  
  80  17:48  Zergling x2  
  80  17:49  Zergling x24  
  93  18:20  Baneling  
  93  18:21  Baneling x18  
  93  18:22  Baneling x7  
  93  18:28  Drone x3  
  93  18:30  Hatchery, Queen  
  93  18:32  Extractor  
  93  18:33  Extractor  
  95  19:06  Queen  
  84  19:28  Hydralisk x12  
  84  19:29  Hydralisk x9  
  104  20:37  Drone x3  
  39  20:53  Hydralisk  
  39  20:54  Hydralisk x8  
  57  21:04  Drone x2  
  57  21:30  Adaptive Talons  
  57  21:37  Burrow  
  57  21:41  Lurker  
  57  21:43  Lurker  
  59  21:47  Lurker  
  59  21:50  Lurker  
  52  22:27  Seismic Spines, Hydralisk  
  52  22:28  Hydralisk x4  
  40  22:45  Hydralisk  
  40  22:46  Hydralisk  
  42  23:03  Spore Crawler  
  42  23:05  Spore Crawler  
  15  23:22  Hydralisk  
Show
View Real Time Build Order
Export as new Build Order

TATORREA Protoss 

Build Orders:  

Get SALT Encoding   

  12  0:03  Probe  
  13  0:15  Probe  
  14  0:28  Probe  
  15  0:33  Pylon  
  15  0:46  Assimilator  
  15  0:51  Probe  
  16  1:08  Probe  
  16  1:10  Gateway  
  17  1:12  Gateway  
  17  1:20  Probe  
  17  1:22  Pylon  
  18  1:32  Probe  
  19  1:42  Pylon  
  19  1:44  Probe  
  20  1:55  Forge  
  20  2:00  Cybernetics Core  
  20  2:01  Probe  
  21  2:07  Assimilator  
  21  2:13  Probe  
  22  2:26  Zealot x2  
  22  2:28  Gateway  
  26  2:33  Protoss Ground Weapons Level 1 (Chrono Boost)  
  26  2:37  Warp Gate  
  26  2:55  Stalker x2  
  30  3:13  Twilight Council  
  30  3:33  Gateway, Adept (Chrono Boost)  
  32  3:34  Adept (Chrono Boost)  
  32  3:39  Adept (Chrono Boost)  
  36  3:48  Resonating Glaives (Chrono Boost)  
  36  4:11  Pylon  
  36  4:17  Pylon  
  36  4:25  Nexus  
  36  4:40  Adept  
  36  4:41  Adept  
  36  4:43  Adept  
  42  4:49  Adept  
  45  5:57  Probe x2  
  46  6:08  Protoss Ground Weapons Level 2  
  46  6:09  Probe x2  
  48  6:21  Probe x2  
  48  6:24  Protoss Air Weapons Level 1  
  36  6:33  Probe x2  
  38  6:43  Stalker  
  38  6:45  Stalker x2, Probe x2  
  38  6:46  Stalker  
  48  6:57  Probe x2  
  50  7:02  Pylon  
  50  7:05  Pylon  
  50  7:09  Probe  
  50  7:10  Assimilator, Probe  
  50  7:12  Pylon  
  50  7:14  Assimilator  
  50  7:15  Pylon  
  52  7:18  Pylon, Zealot x2  
  52  7:21  Probe  
  52  7:22  Probe  
  58  7:23  Zealot  
  58  7:27  Charge  
  60  7:32  Zealot  
  60  7:34  Probe x2  
  64  8:04  Probe x2  
  66  8:16  Probe x2  
  68  8:32  Nexus  
  68  8:37  Stargate  
  68  8:40  Stargate  
  68  8:41  Protoss Air Armor Level 1  
  68  8:42  Stargate  
  68  8:44  Robotics Facility  
  68  8:45  Probe  
  68  8:46  Robotics Facility, Probe  
  70  8:58  Probe x2  
  50  9:10  Probe x2  
  50  9:19  Stalker x2  
  50  9:20  Stalker x2  
  50  9:22  Probe x2  
  60  9:34  Probe x2  
  60  9:36  Observer  
  60  9:37  Immortal  
  67  9:39  Void Ray  
  67  9:40  Void Ray  
  75  9:47  Assimilator  
  75  9:48  Assimilator  
  75  9:49  Void Ray  
  79  10:04  Fleet Beacon  
  79  10:08  Robotics Bay  
  79  10:10  Protoss Ground Weapons Level 3  
  79  10:15  Probe x2  
  81  10:27  Probe x2  
  83  10:31  Stalker x2  
  83  10:32  Stalker x2  
  91  10:39  Void Ray, Probe  
  91  10:40  Probe  
  97  11:16  Void Ray x2  
  105  11:22  Phoenix  
  107  11:42  Stalker  
  107  11:43  Stalker x2  
  107  11:44  Stalker  
  107  11:47  Phoenix  
  117  11:55  Protoss Air Weapons Level 2  
  117  11:59  Phoenix x2  
  121  12:56  Pylon  
  121  12:59  Pylon x2  
  121  13:00  Blink  
  121  13:06  Protoss Ground Armor Level 1 (Chrono Boost)  
  121  13:07  Pylon  
  121  13:09  Pylon  
  121  13:10  Pylon  
  121  13:11  Pylon  
  121  13:14  Colossus x2  
  121  13:15  Pylon  
  121  13:16  Extended Thermal Lance, Pylon  
  121  13:18  Unknown  
  121  13:19  Nexus  
  133  13:21  Pylon, Phoenix x3  
  139  13:56  Tempest  
  139  13:57  Tempest  
  149  14:07  Colossus x2  
  161  14:16  Anion Pulse-Crystals  
  161  14:29  Assimilator  
  161  14:30  Assimilator  
  97  15:41  Phoenix x3  
  103  16:06  Phoenix x3  
  109  16:12  Nexus  
  109  16:31  Phoenix x3  
  115  16:48  Stalker x2  
  115  16:49  Stalker x2  
  115  16:52  Protoss Ground Armor Level 2  
  123  16:56  Phoenix x3  
  123  16:58  Colossus x2  
  141  17:16  Protoss Air Weapons Level 3  
  141  17:21  Tempest x2, Phoenix  
  96  17:55  Stalker x3  
  96  17:56  Stalker  
  104  18:00  Carrier  
  104  18:04  Carrier  
  116  18:25  Gateway x2  
  116  18:26  Gateway  
  116  18:27  Gateway  
  116  18:29  Gateway  
  116  18:30  Gateway  
  116  18:32  Gateway  
  116  18:37  Gateway  
  116  18:38  Gateway x2  
  116  18:47  Gateway  
  116  18:49  Gateway  
  116  18:51  Gateway x2  
  116  18:54  Gateway  
  116  19:11  Nexus  
  78  19:31  Stalker  
  78  19:32  Stalker x3  
  78  19:33  Stalker x3  
  78  19:34  Stalker x2  
  78  19:35  Stalker  
  70  19:41  Stalker  
  54  19:48  Stalker x2  
  54  19:49  Stalker x2  
  54  19:50  Stalker  
  54  19:51  Stalker  
  54  20:22  Pylon  
  54  20:23  Pylon  
  54  20:25  Pylon  
  54  20:28  Pylon  
  54  20:32  Pylon, Zealot  
  54  20:33  Zealot x3  
  54  20:34  Zealot x2  
  54  20:35  Zealot x4  
  72  20:36  Zealot  
  72  20:37  Pylon  
  72  20:40  Pylon, Zealot x3  
  46  21:11  Zealot x2  
  46  21:12  Zealot x2  
  46  21:13  Zealot x4  
  46  21:14  Zealot  
  46  21:15  Zealot x2  
  46  21:16  Zealot x4  
  46  21:17  Zealot x3  
  46  21:18  Zealot  
  78  21:45  Zealot x3  
  78  21:46  Zealot x2  
  78  21:47  Zealot  
  87  21:49  Pylon  
  87  21:53  Zealot  
  36  22:59  Zealot x2  
  36  23:00  Zealot x4  
  36  23:01  Zealot x2  
  36  23:02  Zealot  
Show
View Real Time Build Order
Export as new Build Order

gab Terran - Winner!

Build Orders:  

Get SALT Encoding   

  12  0:04  SCV  
  13  0:15  Supply Depot  
  13  0:23  SCV  
  14  0:35  SCV  
  15  0:48  Supply Depot  
  15  0:50  Barracks  
  15  0:52  SCV  
  16  1:00  Supply Depot  
  16  1:04  SCV  
  17  1:16  SCV  
  18  1:28  Supply Depot, SCV  
  19  1:37  Barracks  
  19  1:40  Marine  
  19  1:41  SCV  
  21  1:55  Refinery  
  21  1:58  Marine  
  22  2:07  Supply Depot  
  22  2:16  Marine  
  22  2:20  SCV  
  24  2:32  SCV  
  24  2:34  Marine  
  26  2:39  Bunker  
  26  2:41  Engineering Bay  
  26  2:44  SCV  
  26  2:46  Supply Depot  
  27  2:51  Marine  
  27  2:55  Supply Depot  
  28  3:05  Supply Depot  
  28  3:09  Hi-Sec Auto Tracking  
  29  3:16  Barracks Tech Lab  
  28  3:20  Refinery  
  28  3:24  Barracks Tech Lab  
  28  3:29  Orbital Command  
  28  3:51  Marine x2  
  30  4:09  Marine  
  32  4:11  Factory  
  32  4:17  Factory  
  31  4:38  Combat Shield  
  31  4:52  Marine  
  31  4:53  Command Center, Marine  
  33  5:10  Marine  
  33  5:11  Marine  
  39  5:21  Hellion x2  
  39  5:28  Marine x2  
  41  5:37  Neosteel Armor  
  45  5:43  Hellion x2  
  45  5:46  Marine x2  
  45  5:48  SCV  
  48  6:00  SCV  
  48  6:01  Stimpack  
  48  6:04  Marine x2  
  51  6:12  SCV  
  52  6:21  Marine  
  52  6:22  Marine  
  52  6:24  SCV  
  51  6:33  SCV  
  51  6:36  SCV  
  51  6:39  Marine  
  54  6:40  Marine  
  54  6:45  SCV  
  56  6:47  Refinery  
  56  6:48  Refinery, SCV  
  49  6:57  Factory Tech Lab x2, SCV  
  49  7:00  SCV  
  51  7:09  SCV  
  51  7:10  Armory  
  51  7:12  SCV  
  53  7:21  SCV  
  54  7:24  SCV  
  55  7:31  Bunker  
  55  7:33  SCV  
  55  7:35  Siege Tank x2  
  55  7:36  Bunker, SCV  
  63  7:45  SCV  
  63  7:49  SCV  
  65  7:57  Terran Infantry Weapons Level 1, SCV  
  66  8:07  Siege Tank x2  
  66  8:09  Marine x2  
  66  8:10  SCV  
  75  8:26  Marine  
  75  8:27  Marine  
  77  8:35  Orbital Command  
  77  8:39  Siege Tank x2  
  83  8:44  Marine x2  
  83  8:48  Barracks  
  85  8:54  Supply Depot  
  85  8:56  Supply Depot  
  85  8:57  Supply Depot  
  85  8:58  Supply Depot  
  85  8:59  Supply Depot  
  85  9:02  Marine x2  
  78  9:20  Marine x2  
  80  9:31  Terran Vehicle Weapons Level 1  
  80  9:38  Marine x2  
  82  9:50  Bunker  
  82  9:51  Terran Infantry Armor Level 1  
  82  9:55  Marine  
  82  9:56  Marine  
  82  9:58  Siege Tank x2  
  90  10:05  SCV  
  91  10:13  Marine x2  
  93  10:30  Siege Tank  
  93  10:31  Marine x2, Siege Tank  
  101  10:49  Marine x2  
  103  11:00  Barracks Tech Lab  
  103  11:02  Siege Tank  
  103  11:03  Siege Tank  
  109  11:07  Marine x2  
  111  11:15  Concussive Shells  
  111  11:24  Marine  
  111  11:25  Marine  
  113  11:43  Marauder x2, Hellbat x2  
  113  11:45  Terran Infantry Weapons Level 2  
  121  12:04  Marauder x2, Hellbat x2  
  129  12:11  Marauder  
  131  12:25  Hellbat  
  133  12:36  Supply Depot  
  133  12:37  Supply Depot  
  133  12:38  Supply Depot x2  
  133  12:43  Supply Depot  
  133  12:45  Supply Depot  
  133  12:47  Terran Vehicle Weapons Level 2  
  133  12:58  Marauder x3, Hellbat  
  141  13:19  Marauder x3  
  147  13:40  Marauder x3  
  153  14:01  Terran Infantry Armor Level 2  
  153  14:17  Thor x2  
  110  14:58  Marine  
  110  14:59  Marine x2  
  83  15:00  Thor x2  
  95  15:10  Terran Vehicle Weapons Level 3  
  95  15:16  Marine  
  95  15:17  Marine x2  
  98  15:34  Marine x2  
  98  15:35  Marine  
  101  15:43  Thor x2  
  113  15:52  Marine x3  
  116  16:10  Marine x3  
  119  16:11  Command Center  
  119  16:14  Refinery  
  119  16:16  Refinery  
  119  16:17  Terran Infantry Weapons Level 3  
  119  16:26  Siege Tank x2  
  119  16:27  Marine  
  119  16:28  Marine x2  
  128  16:45  Marine  
  128  16:46  Marine x2  
  131  16:58  Siege Tank x2  
  137  17:04  Marauder x3  
  143  17:25  Marauder  
  143  17:26  Marauder x2  
  146  17:30  Siege Tank x2  
  148  17:46  Marine x3  
  148  17:47  Terran Vehicle And Ship Armor Level 1  
  151  17:57  SCV  
  152  18:02  Siege Tank x2  
  152  18:04  Marine x3  
  161  18:21  Marine  
  161  18:22  Marine x2  
  164  18:34  Thor x2  
  164  18:39  Marine  
  164  18:40  Marine x2  
  179  18:46  Starport  
  179  18:57  Marine  
  179  18:58  Marine x2  
  182  19:15  Marine x3  
  185  19:30  Starport Reactor  
  178  20:46  Medivac  
  178  20:47  Medivac  
  175  21:16  Medivac  
  175  21:17  Medivac  
  179  21:28  Thor x2  
  191  21:46  Medivac x2  
  195  21:57  Command Center  
  195  22:09  Command Center  
  195  22:16  Medivac x2  
  196  23:24  Refinery  
  196  23:25  Refinery  
Show
View Real Time Build Order
Export as new Build Order

KILLERZ Protoss - Winner!

Build Orders:  

Get SALT Encoding   

  12  0:01  Probe  
  13  0:21  Pylon  
  13  0:27  Probe  
  14  0:44  Gateway  
  14  0:49  Forge  
  14  1:00  Assimilator  
  14  1:02  Probe  
  15  1:06  Gateway  
  15  1:14  Probe  
  16  1:24  Pylon  
  16  1:26  Probe (Chrono Boost)  
  17  1:38  Probe (Chrono Boost)  
  18  1:42  Probe (Chrono Boost)  
  19  1:52  Probe  
  19  1:53  Cybernetics Core  
  20  2:02  Photon Cannon  
  20  2:04  Probe  
  21  2:09  Assimilator  
  21  2:14  Pylon  
  21  2:16  Probe  
  21  2:20  Zealot  
  24  2:35  Stargate  
  24  2:38  Probe  
  24  2:41  Stalker  
  27  2:50  Probe  
  28  2:58  Photon Cannon  
  28  3:08  Gateway  
  28  3:16  Photon Cannon  
  28  3:33  Pylon  
  28  3:39  Stalker  
  28  3:40  Zealot  
  32  4:07  Stalker  
  32  4:09  Zealot  
  36  4:15  Nexus  
  36  4:25  Stalker  
  38  4:47  Twilight Council  
  38  4:48  Protoss Ground Weapons Level 1  
  38  4:55  Pylon  
  38  4:58  Stargate  
  38  5:02  Pylon  
  38  5:14  Gateway, Probe (Chrono Boost)  
  39  5:19  Pylon  
  39  5:25  Probe (Chrono Boost)  
  40  5:34  Probe (Chrono Boost)  
  41  5:40  Probe (Chrono Boost)  
  42  5:45  Void Ray  
  46  5:57  Stargate  
  46  6:02  Zealot  
  48  6:06  Assimilator  
  48  6:13  Pylon  
  48  6:16  Probe  
  48  6:28  Probe (Chrono Boost)  
  50  6:40  Void Ray, Probe (Chrono Boost)  
  50  6:43  Pylon  
  50  6:46  Probe (Chrono Boost)  
  44  6:59  Stalker  
  44  7:01  Pylon  
  46  7:05  Pylon  
  47  7:08  Probe (Chrono Boost)  
  47  7:11  Assimilator  
  49  7:22  Zealot  
  49  7:26  Photon Cannon  
  49  7:33  Photon Cannon  
  49  7:36  Probe (Chrono Boost)  
  50  7:45  Charge (Chrono Boost)  
  50  7:46  Probe (Chrono Boost)  
  50  7:51  Probe (Chrono Boost)  
  52  8:00  Probe (Chrono Boost)  
  52  8:01  Protoss Air Weapons Level 1  
  52  8:05  Probe (Chrono Boost), Stargate  
  53  8:08  Robotics Facility  
  53  8:11  Pylon  
  54  8:17  Probe (Chrono Boost)  
  55  8:23  Cybernetics Core  
  55  8:26  Photon Cannon  
  55  8:29  Probe (Chrono Boost)  
  56  8:34  Pylon  
  56  8:37  Probe (Chrono Boost)  
  56  8:40  Shield Battery  
  57  8:43  Shield Battery  
  57  8:51  Stalker  
  57  8:53  Photon Cannon  
  57  8:55  Probe (Chrono Boost)  
  60  9:04  Photon Cannon, Probe (Chrono Boost), Zealot  
  63  9:30  Photon Cannon  
  63  9:34  Pylon  
  63  9:40  Pylon  
  63  9:47  Pylon  
  63  9:53  Void Ray  
  67  10:03  Void Ray  
  67  10:06  Fleet Beacon  
  71  10:11  Protoss Air Armor Level 1  
  71  10:13  Observer  
  72  10:15  Stalker  
  72  10:16  Zealot  
  72  10:17  Zealot  
  78  10:28  Photon Cannon  
  78  10:30  Photon Cannon  
  78  10:35  Observer  
  79  10:36  Stalker  
  79  10:41  Pylon  
  79  10:42  Probe (Chrono Boost)  
  82  10:52  Probe (Chrono Boost)  
  82  10:55  Pylon  
  83  10:58  Unknown  
  83  11:08  Protoss Air Weapons Level 2  
  83  11:10  Void Ray  
  87  11:13  Observer  
  88  11:34  Observer  
  89  11:48  Nexus  
  89  11:55  Observer  
  80  12:13  Void Ray  
  80  12:14  Void Ray  
  79  12:17  Void Ray  
  82  12:45  Void Ray  
  82  12:46  Stalker  
  82  12:47  Stalker, Zealot  
  92  12:56  Void Ray  
  96  13:06  Void Ray  
  96  13:07  Void Ray  
  104  13:17  Probe (Chrono Boost)  
  105  13:26  Probe (Chrono Boost), Protoss Ground Weapons Level 2 (Chrono Boost)  
  106  14:01  Protoss Air Weapons Level 3 (Chrono Boost)  
  99  14:43  Void Ray x2  
  106  15:15  Void Ray (Chrono Boost)  
  106  15:20  Void Ray (Chrono Boost)  
  86  15:40  Void Ray (Chrono Boost)  
  94  15:50  Void Ray (Chrono Boost)  
  94  15:55  Void Ray (Chrono Boost)  
  98  16:00  Void Ray (Chrono Boost)  
  102  16:15  Void Ray, Nexus  
  106  16:23  Protoss Air Armor Level 2 (Chrono Boost)  
  106  16:25  Pylon  
  106  16:26  Void Ray  
  106  16:28  Pylon  
  110  16:53  Photon Cannon  
  110  16:55  Photon Cannon  
  110  16:59  Photon Cannon  
  110  17:19  Robotics Bay  
  102  17:39  Probe (Chrono Boost)  
  102  17:43  Assimilator  
  102  17:44  Void Ray  
  103  17:47  Assimilator  
  103  17:49  Probe (Chrono Boost)  
  103  17:50  Photon Cannon  
  108  17:53  Photon Cannon  
  108  18:20  Void Ray  
  108  18:21  Void Ray  
  116  18:27  Gravitic Boosters  
  116  18:29  Shield Battery  
  116  18:38  Probe (Chrono Boost)  
  117  18:41  Void Ray  
  117  18:48  Probe (Chrono Boost)  
  108  19:24  Extended Thermal Lance  
  108  19:43  Void Ray x2  
  76  20:13  Void Ray x2  
  84  20:19  Stalker, Zealot x2  
  90  20:26  Void Ray x2  
  98  20:37  Observer  
  99  20:56  Void Ray  
  103  20:59  Observer  
  104  21:06  Void Ray  
  104  21:09  Void Ray  
  104  21:11  Nexus  
  112  21:20  Observer  
  113  21:27  Void Ray  
  117  21:38  Void Ray  
  121  21:57  Void Ray x2  
  129  22:29  Void Ray x2  
Tags
 
Add a new tag
Caveats
  • Supply blocks, unpowered buildings, or Contaminate may cause inaccurate times.
  • Supply counts are checked every 10 seconds.